 Dungeon Crawl Stone Soup version 0.31-a0-889-g1a8549509d (webtiles) character file.

Game seed: 11816220274425515787

669 Aneyh the Trooper (level 7, -4/48 HPs)
             Began as a Tengu Monk on Oct 17, 2023.
             Slain by Edmund
             ... wielding a +5 flail of protection
              (13 damage)
             ... on level 6 of the Dungeon.
             The game lasted 00:05:58 (4549 turns).

Aneyh the Trooper (Tengu Monk)                      Turns: 4549, Time: 00:05:58

Health: -4/48      AC:  5    Str: 13    XL:     7   Next: 58%
Magic:  8/8        EV: 15    Int: 11    God:
Gold:   284        SH:  0    Dex: 16    Spells: 6/6 levels left

rFire   . . .        b - +2 flail (protect)
rCold   . . .        (no shield)
rNeg    . . .        k - +0 ring mail {Will+}
rPois   .            (helmet restricted)
rElec   .            (no cloak)
rCorr   .            (no gloves)
SInv    .            (boots unavailable)
Will    +....        (no amulet)
Stlth   +            (no ring)
HPRegen 0.28/turn    (no ring)
MPRegen 0.11/turn

%: acrobat
@: flying
A: beak, talons 3, evasive flight, acrobatic
a: no special abilities


You were on level 6 of the Dungeon.
You visited 2 branches of the dungeon, and saw 7 of its levels.

You collected 284 gold pieces.

Inventory:

Hand Weapons
 a - a +0 trident
 b - a +2 flail of protection (weapon)
 c - a +0 spear
 m - a +0 war axe
 p - a +1 flail of draining
Missiles
 n - a throwing net
Armour
 d - an orb of light
 k - a +0 ring mail of willpower (worn)
 o - a +0 robe
Wands
 s - a wand of flame (19)
Scrolls
 g - 5 scrolls of identify {unknown}
 h - 3 scrolls of silence {unknown}
 i - a scroll of revelation {unknown}
 j - 2 scrolls of enchant armour {unknown}
 l - a scroll of torment {unknown}
 q - a scroll of noise {unknown}
Potions
 e - 2 potions of curing {unknown}
 f - a potion of cancellation {unknown}
 r - a potion of resistance {unknown}


   Skills:
 * Level 7.9 Fighting
 - Level 5.0 Polearms
 - Level 3.2 Dodging


You had 6 spell levels left.
You didn't know any spells.
Your spell library contained the following spells:

 Spells                   Type           Power      Damage    Failure   Level
 Blink                    Tloc           0%         N/A       75%         2
 Lesser Beckoning         Tloc           0%         N/A       75%         2
 Momentum Strike          Conj/Tloc      0%         3d8       75%         2


Dungeon Overview and Level Annotations

Branches:
Dungeon (6/15)             Temple (1/1) D:6

Altars:
Cheibriados
Gozag
Kikubaaqudgha
Okawaru
Qazlal
Ru
Sif Muna
Uskayaw
Vehumet
Wu Jian
Xom
Yredelemnul
Zin
The Shining One

Annotations:
D:6 Edmund


Innate Abilities, Weirdness & Mutations

You have a beak for a mouth.
You have claws for feet.
Your magical flight helps you evade attacks. (EV +4)
You can magically evade attacks while moving or waiting.


Message History

You hit Edmund. You claw Edmund! You peck Edmund, but do no damage.
Edmund is moderately wounded.
Edmund hits you but does no damage.
You sock Edmund! You claw Edmund, but do no damage.
Edmund is heavily wounded.
Edmund hits you with a +5 flail of protection.
You are too injured to fight recklessly!
You are too injured to fight recklessly!
You are too injured to fight recklessly!
You hit Edmund. Your kick misses Edmund.
Edmund is heavily wounded.
Edmund hits you but does no damage.
Edmund hits you with a +5 flail of protection!
You completely miss Edmund. You claw Edmund. You peck Edmund, but do no damage.
Edmund is severely wounded.
Edmund closely misses you.
You hit Edmund. You punch Edmund, but do no damage.
Edmund is severely wounded.
Edmund hits you but does no damage. Edmund closely misses you.
You hit Edmund but do no damage. You claw Edmund, but do no damage.
Your peck misses Edmund.
Edmund is severely wounded.
Edmund closely misses you.
You sock Edmund! Your kick misses Edmund. You peck Edmund, but do no damage.
Edmund is almost dead.
Edmund hits you with a +5 flail of protection.
You barely miss Edmund.
Edmund is almost dead.
Edmund closely misses you.
Edmund hits you with a +5 flail of protection.
You barely miss Edmund. You claw Edmund, but do no damage.
Edmund is almost dead.
Edmund hits you with a +5 flail of protection!
* * * LOW HITPOINT WARNING * * *
You closely miss Edmund. You claw Edmund, but do no damage.
You peck Edmund, but do no damage.
Edmund is almost dead.
Edmund hits you with a +5 flail of protection!
You die...
Edmund whines, "They better pay attention to me now!"

# .+ #######.#
..#.@@.# #.#.####
#.#.# #...# +# ##.##
.# #.# .# #.# ##.##
##.## ##...####
##...#######........


You could see Edmund.

Vanquished Creatures
  A sky beast (D:6)
  A phantom (D:5)
  2 howler monkeys
  2 orc priests
  2 hounds (D:5)
  An iguana (D:6)
  4 orc wizards
  2 adders
  4 gnolls
  A worm (D:5)
  A dart slug (D:1)
  22 orcs
  5 ball pythons
  8 endoplasms
  A giant cockroach (D:1)
  5 goblins
  8 hobgoblins
  6 kobolds
  7 quokkas
  6 bats
  A frilled lizard (D:1)
  9 rats
99 creatures vanquished.

Notes
Turn   | Place    | Note
-------+----------+-------------------------------------------
     0 | D:1      | Aneyh the Tengu Monk began the quest for the Orb.
     0 | D:1      | Reached XP level 1. HP: 14/14 MP: 2/2
   221 | D:1      | Reached XP level 2. HP: 19/19 MP: 3/3
   501 | D:1      | Reached XP level 3. HP: 20/23 MP: 4/4
  1616 | D:3      | Reached XP level 4. HP: 16/29 MP: 5/5
  1658 | D:2      | Reached skill level 4 in Fighting
  2097 | D:3      | Reached skill level 5 in Polearms
  2097 | D:3      | Reached XP level 5. HP: 17/34 MP: 6/6
  2354 | D:3      | Reached skill level 5 in Fighting
  2590 | D:3      | Found a shimmering altar of Xom.
  3050 | D:5      | Entered Level 5 of the Dungeon
  3056 | D:5      | Reached XP level 6. HP: 6/40 MP: 7/7
  3295 | D:5      | Reached skill level 6 in Fighting
  3667 | D:5      | Reached skill level 7 in Fighting
  3667 | D:5      | Gained mutation: Your magical flight helps you evade
                  | attacks. (EV +4) [Tengu growth]
  3667 | D:5      | Reached XP level 7. HP: 41/46 MP: 8/8
  4280 | D:6      | Found a staircase to the Ecumenical Temple.
  4288 | Temple   | Entered the Ecumenical Temple
  4535 | D:6      | Noticed Edmund
  4549 | D:6      | Slain by Edmund

Illustrated notes

Levels and vault maps discovered:
D:1:      minmay_arrival_widening_spiral_narrow, layout_loops_cross,
          minmay_3d_cube
D:2:      layout_loops_ring
D:3:      layout_loops_cross, amcnicky_altar_gilded,
          chequers_serial_rivers_large_a, grunt_decor_one_mirror
D:4:      layout_basic, moated_statue, minmay_box_of_dots, uniq_grinder
D:5:      layout_cave_pods
D:6:      layout_loops_corners, minmay_temple_entry_tees, serial_shops, shop,
          uniq_menkaure, uniq_edmund
Temple:   nicolae_temple_god_jail

Skill      XL: |  1  2  3  4  5  6 |
---------------+-------------------+-----
Polearms       | 4 5 |  5.0
Fighting       | 4 5 7 |  7.9
Dodging        | |  3.2

Action                     |  1- 3 |  4- 6 |  7- 9 || total
---------------------------+-------+-------+-------++-------
  Melee: Spear             |    97 |    21 |       ||   118
         Kick              |    16 |    37 |    17 ||    70
         Peck              |     5 |    22 |    14 ||    41
         Trident           |       |    74 |       ||    74
         Flail             |       |    58 |    55 ||   113
         Punch             |       |     1 |     2 ||     3
    Use: Potion            |       |     1 |       ||     1
   Stab: Sleeping          |     6 |       |       ||     6
 Armour: Robe              |    14 |    21 |       ||    35
         Ring mail         |       |    88 |    34 ||   122
  Dodge: Dodged            |    34 |   131 |    46 ||   211

Table legend: (Time is in decaauts)
 A = Elapsed time spent in this place.
 B = Non-inter-level travel time spent in this place.
 C = Inter-level travel time spent in this place.
 D = Time resting spent in this place.
 E = Time spent auto-exploring this place.
 F = Levels seen in this place.
 G = Mean time per level.
                   A        B        C        D        E       F      G
               +--------+--------+--------+--------+--------+-----+--------+
         Total |   4603 |   4465 |    138 |    893 |   2771 |   7 |  657.6 |
       Dungeon |   4601 |   4463 |    138 |    893 |   2771 |   6 |  766.8 |
        Temple |      1 |      1 |      0 |      0 |      0 |   1 |    1.0 |
               +--------+--------+--------+--------+--------+-----+--------+

Top non-repeatable levels by time:
     D:5: 1253 daAuts
     D:3: 1118 daAuts
     D:1: 935 daAuts
     D:2: 867 daAuts
     D:6: 287 daAuts
     D:4: 139 daAuts
  Temple: 1 daAuts
